 Dungeon Crawl Stone Soup version 0.29-a0-919-gd064cfad1c (webtiles) character file.

Game seed: 8696730679636270441

169 avis the Chiller (level 5, -1/41 HPs)
             Began as a Demigod Ice Elementalist on July 26, 2022.
             Slain by an orc
             ... wielding a +0 trident
              (6 damage)
             ... on level 3 of the Dungeon on July 27, 2022.
             The game lasted 00:18:04 (2664 turns).

avis the Chiller (Demigod Ice Elementalist)         Turns: 2664, Time: 00:18:04

Health: -1/41      AC:  7    Str:  9    XL:     5   Next: 4%
Magic:  3/11       EV: 12    Int: 17    God:
Gold:   161        SH:  0    Dex: 18    Spells: 4/8 levels left

rFire   + . .      SeeInvis .   a - +0 sling
rCold   . . .      Faith    .   (no shield)
rNeg    . . .      Spirit   .   c - +0 leather armour {rF+}
rPois   .          Reflect  .   (no helmet)
rElec   .          Harm     .   (no cloak)
rCorr   .          Rampage  .   (no gloves)
Will    .....                   (no boots)
Stlth   ++........              (no amulet)
HPRegen 0.13/turn               (no ring)
MPRegen 0.12/turn               (no ring)

@: ice-armoured
A: high MP 1, forlorn, divine attributes
a: no special abilities


You were on level 3 of the Dungeon.
You visited 1 branch of the dungeon, and saw 3 of its levels.

You collected 161 gold pieces.

Inventory:

Hand Weapons
 a - a +0 sling (weapon)
 b - a +0 dagger
Missiles
 e - 2 silver javelins
 i - 2 javelins
Armour
 c - a +0 leather armour of fire resistance (worn)
 j - an orb of wrath
 l - a +1 robe
Jewellery
 m - a +6 ring of dexterity
Scrolls
 k - a scroll of identify
 o - a scroll of fear {unknown}
Potions
 d - 2 potions of might
 f - a potion of magic
 g - a potion of flight
 h - a potion of mutation
 n - a potion of attraction


   Skills:
 + Level 2.3 Fighting
 + Level 0.9 Ranged Weapons
 + Level 2.3 Dodging
 + Level 2.5 Stealth
 + Level 2.3 Spellcasting
 + Level 4.2 Ice Magic


You had 4 spell levels left.
You knew the following spells:

 Your Spells              Type           Power      Damage    Failure   Level
a - Freeze                Ice            64%        1d8       4%          1
o - Ozocubu's Armour      Ice            16%        N/A       14%         3

Your spell library contained the following spells:

 Spells                   Type           Power      Damage    Failure   Level
 Frozen Ramparts          Ice            32%        1d5       14%         3
 Ensorcelled Hibernation  Hex/Ice        18%        N/A       17%         2
 Apportation              Tloc           2%         N/A       26%         1
 Necrotise                Necr           4%         1d4       26%         1
 Summon Small Mammal      Summ           4%         N/A       26%         1
 Passwall                 Tmut/Erth      0%         N/A       36%         2
 Sublimation of Blood     Necr           1%         N/A       36%         2
 Wereblood                Tmut           1%         N/A       36%         2
 Swiftness                Air            1%         N/A       61%         3
 Hailstorm                Conj/Ice       9%         3d4       73%         4
 Summon Hydra             Summ           0%         N/A       100%        7


Dungeon Overview and Level Annotations

Branches:
Dungeon (3/15)

Shops:
D:2 (

Annotations:
D:3 Robin


Innate Abilities, Weirdness & Mutations

You have an increased reservoir of magic. (+10% MP)
You shall have no god before yourself.
Your divine heritage dramatically boosts your attributes as you level up.


Message History

Aiming: Freeze (safe; 4% risk of failure)
Press: ? - help, Shift-Dir - straight line, f/p - orc priest
Aim: an orc priest, wielding a +0 dagger and wearing a +0 scale mail (heavily wounded)
You freeze the orc priest.
The orc priest is almost dead.
The orc priest hits you but does no damage.
The orc hits you from afar with a +0 trident!
* * * LOW HITPOINT WARNING * * *
Casting: Freeze (safe; 4% risk of failure)
Confirm with . or Enter, or press ? or * to list all spells.
Aiming: Freeze (safe; 4% risk of failure)
Press: ? - help, Shift-Dir - straight line, f/p - orc priest
Aim: an orc priest, wielding a +0 dagger and wearing a +0 scale mail (almost dead)
You freeze the orc priest.
You kill the orc priest!
The orc completely misses you.
You have reached level 5!
Fire: a) +0 sling
Press: ? - help, Q - select action, (/) - cycle Shift-Dir - straight line, f - orc
Aim: an orc, wielding a +0 trident and wearing a +0 leather armour (59% to hit)
You shoot a sling bullet. The sling bullet hits the orc.
The orc is moderately wounded.
The orc closely misses you.
Fire: a) +0 sling
Press: ? - help, Q - select action, (/) - cycle Shift-Dir - straight line, f/p - orc
Aim: an orc, wielding a +0 trident and wearing a +0 leather armour (moderately wounded, 59% to hit)
You shoot a sling bullet. The sling bullet barely misses the orc.
The sling bullet hits the orc!
You kill the orc!
The orc closely misses you.
Fire: a) +0 sling
Press: ? - help, Q - select action, (/) - cycle Shift-Dir - straight line, f/p - orc
Aim: an orc, wielding a +0 trident and wearing a +0 leather armour (moderately wounded, 59% to hit)
You shoot a sling bullet. The sling bullet barely misses the orc.
The sling bullet hits the orc.
The orc is heavily wounded.
You hear the rapid rusting of a drain very nearby.
The orc barely misses you.
The orc hits you from afar with a +0 trident.
You die...

# #.# #.# ##.## ###
##...## ##<###.....#
#######.#.. ##.#.###...#
#.@)oo.....
....#.###.#####.###...###
##..............# ..≈≈≈
##.############# ≈≈≈≈ ###
###


You could see 2 orcs.

Vanquished Creatures
  An orc priest (D:3)
  A hound (D:2)
  4 adders
  A worm (D:3)
  4 dart slugs
  2 orcs (D:3)
  7 endoplasms
  2 giant cockroaches
  8 goblins
  5 hobgoblins
  3 kobolds
  2 quokkas
  6 ball pythons
  5 bats
  6 frilled lizards
  4 rats
  A spectral hobgoblin (D:2)
62 creatures vanquished.

Notes
Turn   | Place    | Note
-------+----------+-------------------------------------------
     0 | D:1      | avis the Demigod Ice Elementalist began the quest for the
                  | Orb.
     0 | D:1      | Reached XP level 1. HP: 14/14 MP: 5/5
   350 | D:1      | Reached skill level 1 in Fighting
   512 | D:1      | Reached XP level 2. HP: 18/23 MP: 5/7
  1225 | D:2      | Reached XP level 3. HP: 23/29 MP: 4/8
  1333 | D:2      | Reached skill level 4 in Ice Magic
  1484 | D:2      | Found Nulirr Ysiam's Weapon Shoppe.
  1576 | D:2      | Learned a level 3 spell: Ozocubu's Armour
  1686 | D:2      | Reached XP level 4. HP: 36/36 MP: 2/9
  2290 | D:3      | Noticed Robin
  2662 | D:3      | Reached XP level 5. HP: 4/41 MP: 3/11
  2664 | D:3      | Slain by an orc

Illustrated notes

Levels and vault maps discovered:
D:1:      psy_arrival_whirlpool, layout_basic
D:2:      layout_loops_ring, serial_shops, nicolae_shop_advertising_works
          [nicolae_subvault_shop_adworks],
          dreamdust_ecumenical_altar_drowned_temple, st_stairs_2
D:3:      layout_loops_corners, gammafunk_temple_overflow_pools,
          cheibrodos_sewer_entry_bend, uniq_robin

Skill      XL: |  1  2  3 |
---------------+----------+-----
Fighting       | 1 2 |  2.3
Dodging        | 2 |  2.3
Stealth        | 2 |  2.5
Spellcasting   | 2 |  2.3
Ice Magic      | 4 |  4.2
Ranged Weapons | |  0.9

Action                   |  1- 3 |  4- 6 || total
-------------------------+-------+-------++-------
Melee: Dagger            |     1 |       ||     1
 Fire: Sling             |    31 |    62 ||    93
 Cast: Freeze            |    48 |    15 ||    63
       Ozocubu's Armour  |     1 |     6 ||     7
  Use: Scroll            |       |     6 ||     6
 Stab: Sleeping          |     1 |       ||     1
Armor: Robe              |     5 |     3 ||     8
       Leather armour    |       |    13 ||    13
Dodge: Dodged            |    21 |    38 ||    59

Table legend: (Time is in decaauts)
 A = Elapsed time spent in this place.
 B = Non-inter-level travel time spent in this place.
 C = Inter-level travel time spent in this place.
 D = Time resting spent in this place.
 E = Time spent auto-exploring this place.
 F = Levels seen in this place.
 G = Mean time per level.
                   A        B        C        D        E       F      G
               +--------+--------+--------+--------+--------+-----+--------+
         Total |   2708 |   2509 |    199 |    939 |    824 |   3 |  902.7 |
       Dungeon |   2708 |   2509 |    199 |    939 |    824 |   3 |  902.7 |
               +--------+--------+--------+--------+--------+-----+--------+

Top non-repeatable levels by time:
     D:2: 1273 daAuts
     D:1: 1056 daAuts
     D:3: 379 daAuts
